AoeStats
← Křovák

Arabian Desert

510106966Analyzed
1v1 RM · 3d ago on Sep 29, 2026· 41m 37s· 2 players
Game mode
Random Map
Map size
Tiny (2 player)
Population
200
Speed
Normal
Resources
Standard
Victory
Conquest
Starting age
Dark Age
Ending age
Imperial Age
RankedLock teamsTeams togetherTeam positionsShared explorationLock speedFull tech treeHidden civsTurbo modeCheats
Victory
Defeat
🇨🇿 Malians · Czechia
857
+17
🇮🇹 Berbers · Italy
870
-17
Křovák
7:15 Loom
10:32 Feudal Age
11:12 Double-Bit Axe
14:15 Horse Collar
16:07 Fletching
16:18 Padded Archer Armor
22:53 Castle Age
20:39 Town Watch
23:09 Padded Archer Armor
23:09 Crossbowman
26:11 Heavy Plow
26:23 Bow Saw
26:33 Bodkin Arrow
32:23 Ballistics
32:00 Murder Holes
31:59 Gold Mining
31:59 Stone Mining
40:52 Imperial Age
38:57 Wheelbarrow
39:11 Tigui
40:31 Scale Barding Armor
40:37 Forging
JackDaniels
5:23 Loom
12:57 Feudal Age
14:32 Double-Bit Axe
18:33 Castle Age
16:51 Horse Collar
17:04 Gold Mining
18:45 Bloodlines
21:28 Wheelbarrow
22:19 Scale Barding Armor
23:23 Bow Saw
23:55 Gold Shaft Mining
25:55 Elite Skirmisher
27:17 Bloodlines
27:07 Fletching
27:45 Padded Archer Armor
35:11 Chain Barding Armor
35:28 Stone Mining
37:53 Husbandry
38:50 Heavy Plow
39:30 Bodkin Arrow
41:32 Pikeman
Connection lost

Rejoining the realm…

Still unreachable

The connection could not be restored.

Session expired

The server has moved on; the page needs a fresh start.